 Dungeon Crawl Stone Soup version 0.30-a0-743-gbfdf073431 (webtiles) character file.

Game seed: 16570658693001395475

13 DEFE the Conjurer (level 2, -1/21 HPs)
             Began as a Demonspawn Wanderer on Feb 7, 2023.
             Slain by an adder (2 damage)
             ... on level 1 of the Dungeon.
             The game lasted 00:01:03 (693 turns).

DEFE the Conjurer (Demonspawn Wanderer)              Turns: 693, Time: 00:01:03

Health: -1/21      AC:  5    Str: 11 (12) XL:     2   Next: 24%
Magic:  3/3        EV: 10    Int: 16 (17) God:
Gold:   16         SH:  0    Dex:  7 (8)  Spells: 3/3 levels left

rFire   . . .      SeeInvis .    (no weapon)
rCold   . . .      Faith    .    (no shield)
rNeg    . . .      Spirit   .    f - +0 ring mail
rPois   .          Reflect  .    (helmet restricted)
rElec   .          Harm     .    (no cloak)
rCorr   .          Rampage  .    (no gloves)
Will    .....                    (no boots)
Stlth   +                        (no amulet)
HPRegen 0.23/turn                (no ring)
MPRegen 0.08/turn                (no ring)

@: lethally poisoned (-1 -> -4)
A: antennae 1
a: no special abilities


You were on level 1 of the Dungeon.
You visited 1 branch of the dungeon, and saw 2 of its levels.

You collected 16 gold pieces.

Inventory:

Armour
 c - a +0 robe
 d - a +0 helmet
 f - a +0 ring mail (worn)
Scrolls
 b - a scroll of fog
 e - 2 scrolls of teleportation {unknown}


   Skills:
 - Level 1.2 Fighting
 - Level 1.9 Dodging
 - Level 1.9 Stealth
 + Level 0.5 Unarmed Combat
 - Level 1.1 Spellcasting
 - Level 2.1 Conjurations
 - Level 2.1 Hexes


You had 3 spell levels left.
You didn't know any spells.
Your spell library contained the following spells:

 Spells                   Type           Power      Damage    Failure   Level
 Slow                     Hex            28%        N/A       24%         1
 Foxfire                  Conj/Fire      16%        2x1d4     34%         1
 Mephitic Cloud           Conj/Pois/Air  3%         N/A       77%         3
 Fulminant Prism          Conj/Hex       3%         3d5       93%         4
 Leda's Liquefaction      Hex/Erth       2%         N/A       98%         4


Dungeon Overview and Level Annotations

Branches:
Dungeon (2/15)

Altars:


Innate Abilities, Weirdness & Mutations

You have a pair of small antennae on your head.


Message History

You climb upwards.
You feel sick.
There is a stone staircase leading down here.
You take 5 damage, and have 14/21 hp.
MASSIVE DAMAGE!!
You barely miss the adder.
You feel sick. The adder bites you but does no damage.
You take 1 damage, and have 13/21 hp.
You hit the adder but do no damage.
You feel sick. The adder bites you but does no damage.
You barely miss the adder.
You feel sick.
You are no longer poisoned.
The adder barely misses you. The adder bites you but does no damage.
You take 1 damage, and have 12/21 hp.
You closely miss the adder. The adder misses you.
You closely miss the adder. The adder closely misses you.
You hit the adder. The adder bites you.
You take 3 damage, and have 9/21 hp.
You are too injured to fight recklessly!
You are too injured to fight recklessly!
You are too injured to fight recklessly!
You are too injured to fight recklessly!
You are too injured to fight recklessly!
Unknown command.
You closely miss the adder. The adder bites you. x2
* * * LOW HITPOINT WARNING * * *
You are lethally poisoned!
The adder poisons you!
You take 5 damage, and have 4/21 hp.
MASSIVE DAMAGE!!
It was a potion of degeneration.
There was something very wrong with that liquid.
You feel weakened.
You feel dopey.
You feel clumsy.
* * * LOW HITPOINT WARNING * * *
You feel sick. The adder misses you.
You miss the adder.
* * * LOW HITPOINT WARNING * * *
You feel sick. The adder bites you.
You die...

.##..#.# #.# #.......# #...#
.###.#.## #.# #.......# ###.###
.# #.#..###.###.......###...#
.###.##>##................### #
..##.##.##............###########
...#..#...............##.........
....#...#.##..........#..########
..............##.S...##.#########
....#........>..@................
....#.###.......>.####.##########
....#.# #..##..##....#.# #
......####.###..#....#.######## #
.....†)......................[# #
....#######.####.####.....###.###
....# #......####.....# #...#
....# ######..........# ###.#
....# #..........#####..


You could see an adder.

Vanquished Creatures
  2 endoplasms (D:1)
  A giant cockroach (D:1)
  A hobgoblin (D:1)
  2 bats (D:1)
  3 goblins (D:1)
  3 kobolds (D:1)
12 creatures vanquished.

Notes
Turn   | Place    | Note
-------+----------+-------------------------------------------
     0 | D:1      | DEFE the Demonspawn Wanderer began the quest for the Orb.
     0 | D:1      | DEFE set off with the following items: a +0 club, a scroll
                  | of fog, a +0 robe, a +0 helmet; and the following spells
                  | available to memorise: Slow, Foxfire, Mephitic Cloud,
                  | Fulminant Prism, Leda's Liquefaction.
     0 | D:1      | Reached XP level 1. HP: 15/15 MP: 2/2
   361 | D:1      | Discovered your monstrous ancestry.
   361 | D:1      | Gained mutation: You have a pair of small antennae on your
                  | head. [demonic ancestry]
   361 | D:1      | Reached XP level 2. HP: 21/21 MP: 3/3
   693 | D:1      | HP: 1/21 [poisoned by an adder]
   693 | D:1      | Slain by an adder

Illustrated notes

Levels and vault maps discovered:
D:1:      lightli_arrival_statuegarden, layout_rooms, minmay_cut_off
D:2:      layout_loops_ring, shapermc_ecumenical_altar_rom_forum,
          serial_park_tiny_pond, uniq_crazy_yiuf_cottage, uniq_sigmund

Action                     || total
---------------------------++-------
  Melee: Club              ||    39
         Unarmed           ||    30
    Use: Potion            ||     1
   Stab: Sleeping          ||     1
 Armour: Robe              ||    10
         Ring mail         ||    31
  Dodge: Dodged            ||    35

Table legend: (Time is in decaauts)
 A = Elapsed time spent in this place.
 B = Non-inter-level travel time spent in this place.
 C = Inter-level travel time spent in this place.
 D = Time resting spent in this place.
 E = Time spent auto-exploring this place.
 F = Levels seen in this place.
 G = Mean time per level.
                   A        B        C        D        E       F      G
               +--------+--------+--------+--------+--------+-----+--------+
         Total |    705 |    696 |      9 |    129 |    384 |   2 |  352.5 |
       Dungeon |    705 |    696 |      9 |    129 |    384 |   2 |  352.5 |
               +--------+--------+--------+--------+--------+-----+--------+

Top non-repeatable levels by time:
     D:1: 697 daAuts
     D:2: 7 daAuts
